 Dungeon Crawl Stone Soup version 0.18.1-50-g88ac8fd (webtiles) character file.

7381 epen the Martial Artist (level 11, -10/103 HPs)
             Began as a Naga Monk on Sept 25, 2018.
             Was a Priest of Cheibriados.
             Mangled by an elephant (15 damage)
             ... on level 8 of the Dungeon.
             The game lasted 00:18:57 (11649 turns).

epen the Martial Artist (Naga Monk)                Turns: 11649, Time: 00:18:58

Health: -10/103    AC: 15    Str: 24    XL:     11   Next: 14%
Magic:  12/16      EV: 15    Int: 18    God:    Cheibriados [***...]
Gold:   401        SH:  0    Dex: 28    Spells: 0 memorised, 10 levels left

rFire  + . .     SeeInvis +       - Unarmed
rCold  . . .     Gourm    +     E - +2 robe {rF+}
rNeg   . . .     Faith    .     (no shield)
rPois  +         Spirit   .     (no helmet)
rElec  .         Dismiss  .     s - +0 cloak
rCorr  +         Reflect  .     (no gloves)
SustAt .         Harm     .     j - +1 naga barding
MR     +....     Rnd*Rage +     I - amulet of the gourmand
Stlth  +++.......               (no ring)
                                f - ring of resist corrosion

@: mighty, very slow, somewhat resistant to hostile enchantments, fairly
stealthy
A: icy blue scales 1, see invisible, agile 1, berserk 1, deformed body, poison
resistance, slowness 2, slow metabolism 1, spit poison 2, weak 1, AC +3
a: Spit Poison, Bend Time, Temporal Distortion, Renounce Religion


You were on level 8 of the Dungeon.
You worshipped Cheibriados.
Cheibriados was most pleased with you.
You were not hungry.

You visited 1 branch of the dungeon, and saw 8 of its levels.
You also visited: Ossuary.

You collected 401 gold pieces.

Inventory:

Hand Weapons
 n - a +0 dagger of venom
 r - a +2 rapier of venom
Missiles
 u - 3 throwing nets (quivered)
Armour
 a - a +1 robe
 j - a +1 naga barding (worn)
 l - a +1 hat
 m - a +2 helmet
 s - a +0 cloak (worn)
 t - a +0 leather armour
 E - a +2 robe of fire resistance (worn)
 L - a +0 leather armour of poison resistance
Jewellery
 f - a ring of resist corrosion (left hand)
 I - an amulet of the gourmand (around neck)
Wands
 q - a wand of acid (6/15)
 D - a wand of random effects (32/48)
 N - a wand of digging (13/24)
Scrolls
 c - 2 scrolls of enchant weapon
 e - 5 scrolls of remove curse
 h - 2 scrolls of enchant armour
 i - a scroll of teleportation
 o - 2 scrolls of fear
 v - 4 scrolls of recharging
 y - a scroll of identify
 J - a scroll of blinking
Potions
 b - 2 potions of resistance
 g - 2 potions of magic
 w - 2 potions of agility
 x - 2 potions of degeneration
 A - a potion of haste
 B - a potion of brilliance
 C - a potion of flight {unknown}
 G - a potion of experience {unknown}
 K - a potion of berserk rage
Comestibles
 d - 10 beef jerkies
 p - 4 fruits
 H - 5 bread rations
 M - a meat ration


   Skills:
 + Level 7.8 Fighting
 + Level 6.0 Armour
 + Level 6.6 Dodging
 - Level 3.0 Stealth
 + Level 9.8 Unarmed Combat
 * Level 7.3 Invocations


You had 10 spell levels left.
You didn't know any spells.

Dungeon Overview and Level Annotations

Branches:
Dungeon (8/15)             Temple (0/1) D:6            Lair (0/8) D:8

Altars:
Ashenzari
Cheibriados
Gozag
Vehumet
Xom
Yredelemnul
Zin
The Shining One

Annotations:
D:3 exclusion: door, Natasha


Innate Abilities, Weirdness & Mutations

You cannot wear boots.
Your serpentine skin is tough (AC +3).
You have supernaturally acute eyesight.
Armour fits poorly on your strangely shaped body.
Your system is resistant to poisons.
You cover ground very slowly.
You have a slow metabolism.
You can spit poison.
You are partially covered in icy blue scales (AC +1).
You are agile. (Dex +2)
You tend to lose your temper in combat.
You are weak. (Str -2)


Message History

The elephant trunk-slaps you but does no damage.
Evoke which item? (* to show all) (? for menu, Esc to quit)
Zapping:
q - a wand of acid {recharged} (will waste charges)
Press: ? - help, Shift-Dir - straight line, f - elephant
Aim: an elephant (heavily wounded)
The bolt of acid hits the elephant.
The acid corrodes the elephant!
The elephant is heavily wounded.
Evoking this partially-identified wand wasted a few charges.
The yak closely misses you. The elephant closely misses you.
The elephant barely misses you. The yak gores you.
* * * LOW HITPOINT WARNING * * *
The elephant barely misses you. The elephant closely misses you.
The yak gores you!
* * * LOW HITPOINT WARNING * * *
Drink which item? (? for menu, Esc to quit)
It was a potion of might.
You feel very mighty all of a sudden. The elephant tramples you!
You die...

.......# ......# .....#
....# ...# ...$
..####### # #.$.#
#........
.....##@#############
......#YY...........####
....P.#5.##..... #.....
....P.†.†## ... ##..###
..........## ###...#
..>........## ##....#
.....=.#....# #.....#
P......#....# #.....#
...P..##...######.[..#


You could see an elephant, a yak and a quasit.

Vanquished Creatures
  Erica (D:8)
  Pikel (D:4)
  2 hill giants (D:6)
  The ghost of magog001 the Blocker, a novice MiFi of Nemelex Xobeh (D:6)
  Psyche (D:8)
  Grinder (D:3)
  Sigmund (D:3)
  Eustachio (D:4)
  A hungry ghost (D:8)
  Edmund (D:4)
  A wasp (D:8)
  2 sky beasts
  3 orc warriors
  6 ogres
  2 centaurs
  5 giant frogs
  4 water moccasin zombies
  2 scorpions (D:6)
  A killer bee (D:7)
  A howler monkey (D:6)
  11 wights (D:6)
  2 centaur zombies
  8 crimson imps
  3 hounds
  5 orc priests
  2 giant frog skeletons
  An orc wizard (D:5)
  Jessica (D:3)
  5 worker ants
  2 iguanas
  2 sheep (D:8)
  4 big kobold zombies (Ossuary)
  A hound zombie (D:7)
  2 hound skeletons
  2 mummies (Ossuary)
  2 gnolls (D:3)
  14 adders
  3 shadow imps
  An ooze (D:7)
  An adder skeleton (D:7)
  2 adder zombies
  2 worms
  3 dart slugs (D:1)
  2 giant geckos
  28 orcs
  A giant cockroach (D:4)
  2 gnoll zombies (Ossuary)
  12 goblins
  9 hobgoblins
  5 jackals
  9 kobolds
  A quokka (D:6)
  3 ball pythons
  A ball python skeleton (D:5)
  6 bats
  2 giant gecko skeletons (D:4)
  7 giant newts
  5 hobgoblin zombies (Ossuary)
  A jackal skeleton (D:7)
  6 kobold zombies (Ossuary)
  8 orc zombies (Ossuary)
  A quokka zombie (D:6)
  3 rats
229 creatures vanquished.

Vanquished Creatures (others)
  A slave (D:4)
  A howler monkey (D:4)
  A plant (D:6)
3 creatures vanquished.

Grand Total: 232 creatures vanquished

Notes
Turn   | Place    | Note
--------------------------------------------------------------
     0 | D:1      | epen the Naga Monk began the quest for the Orb.
     0 | D:1      | Reached XP level 1. HP: 21/21 MP: 1/1
   298 | D:1      | Reached XP level 2. HP: 24/28 MP: 2/2
  1010 | D:1      | Reached XP level 3. HP: 28/34 MP: 3/3
  1516 | D:2      | Reached skill level 1 in Armour
  1823 | D:2      | Found a glowing golden altar of the Shining One.
  1892 | D:2      | Found a basalt altar of Yredelemnul.
  1945 | D:2      | Noticed a profane servitor
  2412 | D:2      | Noticed an angel
  2526 | D:3      | Reached XP level 4. HP: 42/42 MP: 4/4
  2626 | D:3      | Noticed Jessica
  2634 | D:3      | Killed Jessica
  2665 | D:3      | Noticed Natasha
  2764 | D:3      | Noticed Sigmund
  2775 | D:3      | Killed Sigmund
  2775 | D:3      | Reached skill level 5 in Unarmed Combat
  2775 | D:3      | Reached XP level 5. HP: 30/50 MP: 5/5
  2775 | D:3      | Reached XP level 6. HP: 34/57 MP: 6/6
  2988 | D:3      | Noticed Grinder
  3047 | D:3      | Found a glowing silver altar of Zin.
  3200 | D:3      | Found a shimmering altar of Xom.
  3290 | D:3      | Paralysed by Grinder for 4 turns
  3309 | D:3      | Paralysed by Grinder for 7 turns
  3328 | D:3      | Killed Grinder
  3328 | D:3      | Reached skill level 6 in Unarmed Combat
  3328 | D:3      | Reached XP level 7. HP: 47/66 MP: 7/7
  3701 | D:4      | Noticed Eustachio
  3731 | D:4      | Killed Eustachio
  3920 | D:4      | Found a sand-covered staircase.
  3947 | Ossuary  | Entered an ossuary
  4239 | Ossuary  | Reached skill level 5 in Fighting
  4389 | Ossuary  | Reached XP level 8. HP: 46/74 MP: 8/8
  4874 | Ossuary  | Reached skill level 7 in Unarmed Combat
  5073 | D:4      | Noticed Edmund
  5085 | D:4      | Killed Edmund
  5364 | D:4      | Noticed Pikel
  5381 | D:4      | Killed Pikel
  5381 | D:4      | Reached skill level 8 in Unarmed Combat
  5601 | D:4      | Reached XP level 9. HP: 62/82 MP: 9/9
  6310 | D:5      | Entered Level 5 of the Dungeon
  6471 | D:5      | Found a shattered altar of Ashenzari.
  6490 | D:5      | Found a snail-covered altar of Cheibriados.
  6625 | D:5      | Became a worshipper of Cheibriados the Contemplative
  6625 | D:5      | Reached * piety under Cheibriados
  6625 | D:5      | Reached ** piety under Cheibriados
  7019 | D:6      | Reached skill level 1 in Invocations
  7182 | D:6      | Found a staircase to the Ecumenical Temple.
  7614 | D:6      | Reached skill level 5 in Dodging
  7738 | D:6      | Noticed a hill giant
  7749 | D:6      | Killed a hill giant
  8093 | D:6      | Reached skill level 9 in Unarmed Combat
  8103 | D:6      | Noticed a hill giant
  8111 | D:6      | Noticed magog001's ghost (novice MiFi)
  8308 | D:6      | Killed magog001's ghost
  8308 | D:6      | Reached *** piety under Cheibriados
  8308 | D:6      | Reached skill level 5 in Armour
  8308 | D:6      | Reached XP level 10. HP: 18/92 MP: 11/13
  8938 | D:6      | Reached skill level 5 in Invocations
  9209 | D:6      | Killed a hill giant
  9541 | D:6      | Reached **** piety under Cheibriados
 11233 | D:7      | Gained mutation: You have a pair of small horns on your head. [potion of mutation]
 11233 | D:7      | Gained mutation: You regenerate slowly when monsters are visible. [potion of mutation]
 11233 | D:7      | Gained mutation: You are occasionally teleported next to monsters. [potion of mutation]
 11234 | D:7      | Gained mutation: You do not regenerate naturally when monsters are visible. [potion of mutation]
 11234 | D:7      | Gained mutation: Your muscles are strong. (Str +2) [potion of mutation]
 11234 | D:7      | Gained mutation: You have an increased reservoir of magic (+10% MP). [potion of mutation]
 11235 | D:7      | Lost mutation: You are occasionally teleported next to monsters. [potion of cure mutation]
 11235 | D:7      | Lost mutation: Your muscles are strong. (Str +2) [potion of cure mutation]
 11235 | D:7      | Lost mutation: You have a pair of small horns on your head. [potion of cure mutation]
 11235 | D:7      | Lost mutation: You do not regenerate naturally when monsters are visible. [potion of cure mutation]
 11236 | D:7      | Lost mutation: You have an increased reservoir of magic (+10% MP). [potion of cure mutation]
 11236 | D:7      | Lost mutation: You regenerate slowly when monsters are visible. [potion of cure mutation]
 11404 | D:8      | Gained mutation: You are agile. (Dex +2) [mutagenic meat]
 11426 | D:8      | Found a radiant altar of Vehumet.
 11427 | D:8      | Noticed Psyche
 11437 | D:8      | Killed Psyche
 11443 | D:8      | Gained mutation: You tend to lose your temper in combat. [potion of mutation]
 11443 | D:8      | Gained mutation: You are partially covered in icy blue scales (AC +1). [potion of mutation]
 11443 | D:8      | Gained mutation: You are weak. (Str -2) [potion of mutation]
 11476 | D:8      | Reached XP level 11. HP: 83/100 MP: 16/16
 11496 | D:8      | Noticed Erica
 11510 | D:8      | Killed Erica
 11617 | D:8      | Found an opulent altar of Gozag.
 11637 | D:8      | Found a staircase to the Lair.
 11648 | D:8      | HP: 5/103 [yak (16)]
 11649 | D:8      | Mangled by an elephant

Skill      XL: |  1  2  3  4  5  6  7  8  9 10 11 |
---------------+----------------------------------+-----
Armour         | 1 2 3 4 5 6 |  6.0
Fighting       | 4 5 6 7 |  7.8
Dodging        | 3 4 5 6 |  6.6
Unarmed Combat | 5 6 8 9 |  9.8
Invocations    | 4 6 7 |  7.3
Stealth        | |  3.0

Action                   |  1- 3 |  4- 6 |  7- 9 | 10-12 || total
-------------------------+-------+-------+-------+-------++-------
Melee: Unarmed           |    96 |       |    29 |   320 ||   445
       Punch             |     2 |     1 |    32 |    21 ||    56
       Dagger            |    16 |    35 |    59 |       ||   110
       Rapier            |       |       |   396 |       ||   396
Throw: Throwing net      |       |       |     2 |       ||     2
Invok: Bend Time         |       |       |     1 |       ||     1
       Slouch            |       |       |       |     4 ||     4
 Abil: Spit Poison       |    15 |    12 |     8 |     3 ||    38
Evoke: Wand              |       |     3 |       |     1 ||     4
  Use: Scroll            |     3 |     6 |     5 |     8 ||    22
       Potion            |       |     3 |     3 |     7 ||    13
 Stab: Sleeping          |     3 |     4 |     7 |     7 ||    21
       Held in net/web   |       |       |     3 |       ||     3
  Eat: Bread ration      |     1 |       |     2 |       ||     3
       Chunk             |       |     1 |     3 |    16 ||    20
       Beef jerky        |       |     1 |       |       ||     1
Armor: Robe              |    14 |    12 |   194 |    30 ||   250
       Leather armour    |       |       |       |    55 ||    55
       Skin              |       |       |       |     2 ||     2
Dodge: Dodged            |    65 |    20 |   369 |   218 ||   672
